 Dungeon Crawl Stone Soup version 0.28-a0-773-g130ae17fe5 (webtiles) character file.

Game seed: 2831000761182881121

130 horus123 the Firebug (level 5, -2/41 HPs)
             Began as a Human Cinder Acolyte on Nov 2, 2021.
             Was a High Priest of Ignis.
             Slain by an orc (4 damage)
             ... on level 3 of the Dungeon.
             The game lasted 00:05:38 (3507 turns).

horus123 the Firebug (Human Cinder Acolyte)         Turns: 3507, Time: 00:05:39

Health: -2/41      AC:  3    Str: 15    XL:     5   Next: 36%
Magic:  1/10       EV: 11    Int: 15    God:    Ignis [*****.]
Gold:   108        SH:  0    Dex:  8    Spells: 8/10 levels left

rFire   + . .      SeeInvis .   a - +0 falchion (vorpal)
rCold   . . .      Faith    .   (no shield)
rNeg    . . .      Spirit   .   b - +0 robe
rPois   .          Reflect  .   (no helmet)
rElec   .          Harm     .   k - +0 cloak
rCorr   .          Rampage  .   (no gloves)
Will    .....                   (no boots)
Stlth   +.........              (no amulet)
HPRegen 0.13/turn               (no ring)
MPRegen 0.12/turn               (no ring)

@: no status effects
A: no striking features
a: Renounce Religion, Sea of Fire, Foxfire Swarm, Rising Flame


You were on level 3 of the Dungeon.
You worshipped Ignis.
Ignis was extremely pleased with you.
You visited 1 branch of the dungeon, and saw 3 of its levels.

You collected 108 gold pieces.

Inventory:

Hand Weapons
 a - a +0 vorpal falchion (weapon)
Armour
 b - a +0 robe (worn)
 k - a +0 cloak (worn)
Wands
 g - a wand of digging (6)
Scrolls
 i - 2 scrolls of magic mapping
 l - a scroll of holy word
 m - a scroll of teleportation
Potions
 d - a potion of invisibility {unknown}
 e - a potion of degeneration {unknown}
 h - a potion of mutation {unknown}
 j - a potion of heal wounds {unknown}


   Skills:
 - Level 3.0 Fighting
 - Level 3.1 Long Blades
 + Level 3.4 Spellcasting
 - Level 4.1 Fire Magic


You had 8 spell levels left.
You knew the following spells:

 Your Spells              Type           Power      Damage    Failure   Level
a - Scorch                Fire           28%        2d6       5%          2

Your spell library contained the following spells:

 Spells                   Type           Power      Damage    Failure   Level


Dungeon Overview and Level Annotations

Branches:
Dungeon (3/15)

Altars:


Message History

You barely miss the orc wizard.
The orc wizard is heavily wounded.
The orc wizard is no longer more vulnerable to fire.
The orc wizard casts a spell at you.
You are confused.
The orc closely misses you. The orc wizard misses you.
You miss the orc wizard.
The orc wizard is heavily wounded.
The orc closely misses you. The orc wizard closely misses you.
You bump into the rock wall.
The orc closely misses you. The orc wizard closely misses you.
You hit the orc wizard but do no damage.
The orc wizard is heavily wounded.
The orc closely misses you.
The orc wizard points at you and mumbles some strange words.
The magic dart hits you!
* * * LOW HITPOINT WARNING * * *
The orc misses you. The orc wizard barely misses you.
The orc hits you with a +0 club.
* * * LOW HITPOINT WARNING * * *
You bump into the rock wall.
The orc wizard hits you but does no damage.
The orc hits you with a +0 club.
* * * LOW HITPOINT WARNING * * *
It was a potion of might.
You feel very mighty all of a sudden.
The orc wizard hits you with a +0 dagger.
* * * LOW HITPOINT WARNING * * *
The orc hits you with a +0 club.
* * * LOW HITPOINT WARNING * * *
It was a potion of cancellation.
Your magical effects are unravelling.
You feel magically purged.
You feel less confused.
You feel a little less mighty now.
The orc wizard hits you with a +0 dagger.
* * * LOW HITPOINT WARNING * * *
The orc barely misses you.
You closely miss the orc. The orc wizard completely misses you.
The orc hits you with a +0 club.
You die...

#..........###..#
###.######...#.###
#....# #.......## ####.#
##.........
#.###...#######
#.....###
###############
###############.........
......o@........#.......
.>....o...........######
###################


You could see an orc wizard and an orc.

Vanquished Creatures
  An orc priest (D:3)
  Crazy Yiuf (D:2)
  2 adders (D:2)
  4 dart slugs (D:1)
  An orc (D:3)
  3 ball pythons
  4 endoplasms
  3 giant cockroaches
  6 goblins
  4 hobgoblins
  3 quokkas
  3 bats
  A frilled lizard (D:1)
  5 kobolds
  7 rats
48 creatures vanquished.

Vanquished Creatures (others)
  A frilled lizard (D:1)
1 creature vanquished.

Grand Total: 49 creatures vanquished

Notes
Turn   | Place    | Note
-------+----------+-------------------------------------------
     0 | D:1      | horus123 the Human Cinder Acolyte began the quest for the
                  | Orb.
     0 | D:1      | Reached XP level 1. HP: 18/18 MP: 2/2
   446 | D:1      | Reached XP level 2. HP: 24/24 MP: 2/4
   471 | D:1      | Learned a level 2 spell: Scorch
   871 | D:1      | Reached XP level 3. HP: 29/29 MP: 1/6
  1832 | D:2      | Reached XP level 4. HP: 35/35 MP: 4/7
  1908 | D:2      | Reached skill level 4 in Fire Magic
  2334 | D:2      | Found a runed translucent door.
  2335 | D:2      | Noticed Crazy Yiuf
  2597 | D:2      | Killed Crazy Yiuf
  3216 | D:3      | Reached XP level 5. HP: 41/41 MP: 4/9
  3506 | D:3      | HP: 2/41 [orc wizard (2)]
  3507 | D:3      | Slain by an orc

Illustrated notes

Levels and vault maps discovered:
D:1:      dpeg_arrival_arbitrary_c, layout_basic, serial_aquarium,
          aquarium_bridge_straight [aquarium_subvault_bridge,
          aquarium_subvault_balcony, aquarium_subvault_bridge,
          aquarium_subvault_wall], aquarium_bridge_square
          [aquarium_subvault_wall, aquarium_subvault_balcony,
          aquarium_subvault_bridge, aquarium_subvault_bridge],
          aquarium_window_fake, aquarium_window_fake, aquarium_window_1,
          aquarium_window_1, aquarium_view_2f, aquarium_view_4,
          aquarium_pool_corner
D:2:      layout_loops_ring, palyth_stone_intersect, uniq_crazy_yiuf_cottage
D:3:      layout_rooms

Skill      XL: |  1  2  3  4  5 |
---------------+----------------+-----
Spellcasting   | 2 3 |  3.4
Fire Magic     | 4 |  4.1
Fighting       | |  3.0
Long Blades    | |  3.1

Action                   |  1- 3 |  4- 6 || total
-------------------------+-------+-------++-------
Melee: Falchion          |    58 |    16 ||    74
 Cast: Scorch            |    18 |    23 ||    41
  Use: Scroll            |     4 |     4 ||     8
       Potion            |       |     2 ||     2
Armor: Robe              |     7 |     3 ||    10
Dodge: Dodged            |    39 |    20 ||    59

Table legend: (Time is in decaauts)
 A = Elapsed time spent in this place.
 B = Non-inter-level travel time spent in this place.
 C = Inter-level travel time spent in this place.
 D = Time resting spent in this place.
 E = Time spent auto-exploring this place.
 F = Levels seen in this place.
 G = Mean time per level.
                   A        B        C        D        E       F      G
               +--------+--------+--------+--------+--------+-----+--------+
         Total |   3517 |   3404 |    113 |    523 |   2572 |   3 | 1172.3 |
       Dungeon |   3517 |   3404 |    113 |    523 |   2572 |   3 | 1172.3 |
               +--------+--------+--------+--------+--------+-----+--------+

Top non-repeatable levels by time:
     D:1: 1533 daAuts
     D:2: 1363 daAuts
     D:3: 621 daAuts
